 Dungeon Crawl Stone Soup version 0.30-a0-457-g4b7bca3bfa (webtiles) character file.

Game seed: 12870106237752295713

6553 vineage the Fighter (level 11, -7/120 HPs)
             Began as an Ogre Fighter on Dec 12, 2022.
             Was an Elder of Okawaru.
             Mangled by an orc warrior
             ... wielding a +0 trident
              (9 damage)
             ... on level 9 of the Dungeon.
             The game lasted 00:10:28 (10930 turns).

vineage the Fighter (Ogre Fighter)                 Turns: 10930, Time: 00:10:29

Health: -7/120     AC:  6    Str: 26    XL:     11   Next: 1%
Magic:  10/11      EV: 11    Int:  9    God:    Okawaru [****..]
Gold:   1741       SH:  0    Dex:  8    Spells: 10/10 levels left

rFire   . . .      SeeInvis .    e - +0 giant club
rCold   . . .      Faith    .    (shield currently unavailable)
rNeg    . . .      Spirit   .    v - +0 steam dragon scales
rPois   .          Reflect  .    (helmet restricted)
rElec   .          Harm     .    (no cloak)
rCorr   .          Rampage  .    (gloves unavailable)
Will    +....                    (boots unavailable)
Stlth   +.........               (no amulet)
HPRegen 0.40/turn                (no ring)
MPRegen 0.12/turn                (no ring)

@: flying
A: large, unfitting armour, tough skin 1, antennae 1, mutation resistance 1
a: Renounce Religion, Heroism, Finesse


You were on level 9 of the Dungeon.
You worshipped Okawaru.
Okawaru was greatly pleased with you.
You visited 2 branches of the dungeon, and saw 10 of its levels.

You collected 1741 gold pieces.

Inventory:

Hand Weapons
 a - a +1 flail
 e - a +0 giant club (weapon)
 g - a +2 flail of protection
Armour
 b - a +1 robe
 c - a +0 kite shield
 f - a +2 robe of positive energy
 v - +0 steam dragon scales (worn)
 z - a +0 cloak
Jewellery
 r - a +6 ring of strength
 s - a ring of poison resistance
 B - a +4 ring of evasion
Wands
 j - a wand of polymorph (10)
 o - a wand of flame (19)
 q - a wand of roots (9)
 t - a wand of light (16)
 w - a wand of digging (6)
 y - a wand of mindburst (18)
Scrolls
 d - a scroll of enchant weapon
 m - a scroll of amnesia
 n - a scroll of enchant armour
 A - 2 scrolls of identify
Potions
 h - a potion of mutation
 i - 3 potions of degeneration
 l - a potion of cancellation
 u - a potion of brilliance
 x - 2 potions of resistance


   Skills:
 + Level 11.4 Fighting
 * Level 10.8 Maces & Flails
 + Level 8.1 Dodging
 - Level 3.0 Shields


You had 10 spell levels left.
You didn't know any spells.
Your spell library contained the following spells:

 Spells                   Type           Power      Damage    Failure   Level
 Magic Dart               Conj           0%         1d3       38%         1
 Ensorcelled Hibernation  Hex/Ice        0%         N/A       52%         2
 Passwall                 Tmut/Erth      0%         N/A       52%         2
 Searing Ray              Conj           0%         2d4       52%         2
 Hailstorm                Conj/Ice       0%         3d3       77%         3
 Ignite Poison            Fire/Tmut/Pois 0%         N/A       77%         3
 Ozocubu's Armour         Ice            0%         N/A       77%         3
 Swiftness                Air            0%         N/A       77%         3
 Fulminant Prism          Conj/Hex       0%         3d5       99%         4
 Ice Form                 Ice/Tmut       0%         N/A       99%         4
 Sticky Flame             Conj/Fire      0%         2d3       99%         4
 Metabolic Englaciation   Hex/Ice        0%         N/A       100%        5
 Ignition                 Fire           0%         3d3       100%        8
 Simulacrum               Ice/Necr       Unusable   N/A       N/A         6

Dungeon Overview and Level Annotations

Branches:
Dungeon (9/15)             Temple (1/1) D:4
   Lair: D:8-11         Orc: D:9-12

Altars:
Ashenzari
Cheibriados
Dithmenos
Elyvilon
Fedhas
Gozag
Hepliaklqana
Kikubaaqudgha
Makhleb
Nemelex Xobeh
Okawaru
Qazlal
Ru
Sif Muna
Trog
Uskayaw
Vehumet
Wu Jian
Xom
Yredelemnul
Zin
The Shining One


Innate Abilities, Weirdness & Mutations

You are too large for most types of armour.
You have tough skin. (AC +1)
You have a pair of small antennae on your head.
You are somewhat resistant to further mutation.


Message History

a +0 flail; an orc corpse You hit the orc warrior but do no damage.
The orc warrior hits you with a +0 mace.
The orc warrior hits you from afar with a +0 trident.
You hit the orc warrior.
The orc warrior is lightly wounded.
The orc warrior hits you with a +0 mace.
The orc warrior hits you from afar with a +0 trident!
* * * LOW HITPOINT WARNING * * *
You hit the orc warrior.
The orc warrior is moderately wounded.
The orc warrior closely misses you. The orc warrior barely misses you.
You hit the orc warrior but do no damage.
The orc warrior is moderately wounded.
The orc warrior misses you.
The orc warrior hits you from afar with a +0 trident!
* * * LOW HITPOINT WARNING * * *
You thump the orc warrior!
The orc warrior is severely wounded.
You barely miss the orc warrior.
The orc warrior is severely wounded.
The orc warrior hits you with a +0 mace.
* * * LOW HITPOINT WARNING * * *
The orc warrior closely misses you.
You hit the orc warrior but do no damage.
The orc warrior is severely wounded.
The orc warrior hits you with a +0 mace!
* * * LOW HITPOINT WARNING * * *
The orc warrior hits you from afar with a +0 trident.
* * * LOW HITPOINT WARNING * * *
You feel better.
You feel like a meek peon again. The orc warrior barely misses you. x2
Okay, then.
You feel very buoyant.
You fly up into the air.
The orc warrior hits you with a +0 mace.
* * * LOW HITPOINT WARNING * * *
The orc warrior hits you from afar with a +0 trident!
You die...

#........##
#.###.....##
#.# ###....##
#.# ###...##
#.# ##...###
#.# ##....###
#.# ##.....#
#.# ##..... #@#
###... #o# ###.
#o# #### ## #c#
.....
#o#######......
#.o.oo.co..W...
#####.###oo....
#.# ..... #.#
.8..


You could see 2 orc warriors, a centaur and 2 orcs.

Vanquished Creatures
  A boulder beetle (D:8)
  A two-headed ogre (D:8)
  Maggie (D:6)
  A troll (D:9)
  Prince Ribbit (D:5)
  Sigmund (D:2)
  11 yaks (D:9)
  A steam dragon (D:9)
  A water moccasin (D:9)
  3 ice beasts (D:5)
  An orc warrior (D:9)
  3 ogres
  2 phantoms
  3 necrophages
  A bullfrog (D:8)
  3 scorpions (D:6)
  10 wights
  5 howler monkeys
  2 jellies
  6 hounds
  2 orc priests (D:5)
  5 iguanas
  6 orc wizards
  Robin (D:2)
  7 gnolls
  9 adders
  2 white imps (D:8)
  An ufetubus (D:4)
  2 dart slugs
  30 orcs
  4 bats
  8 endoplasms
  A giant cockroach (D:2)
  15 goblins
  9 hobgoblins
  2 jackals (D:5)
  2 quokkas
  13 ball pythons
  3 frilled lizards
  3 kobolds
  5 rats
188 creatures vanquished.

Notes
Turn   | Place    | Note
-------+----------+-------------------------------------------
     0 | D:1      | vineage the Ogre Fighter began the quest for the Orb.
     0 | D:1      | Reached XP level 1. HP: 24/24 MP: 1/1
   208 | D:1      | Reached XP level 2. HP: 32/32 MP: 2/2
   585 | D:1      | Reached XP level 3. HP: 38/40 MP: 3/3
   915 | D:2      | Found a stormy altar of Qazlal.
   973 | D:2      | Noticed Robin
  1068 | D:2      | Killed Robin
  1073 | D:2      | Reached XP level 4. HP: 29/49 MP: 4/4
  1258 | D:2      | Noticed Sigmund
  1270 | D:2      | Killed Sigmund
  1271 | D:2      | Reached skill level 5 in Fighting
  1271 | D:2      | Reached XP level 5. HP: 45/57 MP: 5/5
  1271 | D:2      | Reached XP level 6. HP: 52/66 MP: 6/6
  1504 | D:2      | Gained mutation: You have a pair of small antennae on your
                  | head. [potion of mutation]
  1504 | D:2      | Gained mutation: You are somewhat resistant to further
                  | mutation. [potion of mutation]
  1884 | D:3      | Identified the +9 chain mail of Spring Thaw {+Inv rElec rF+
                  | Slay+3}
  2058 | D:3      | Reached skill level 6 in Fighting
  2902 | D:3      | Reached XP level 7. HP: 25/75 MP: 7/7
  3178 | D:4      | Reached skill level 5 in Maces & Flails
  4074 | D:4      | Found a staircase to the Ecumenical Temple.
  4091 | D:4      | Found a burning altar of Makhleb.
  4101 | Temple   | Entered the Ecumenical Temple
  4391 | D:4      | Found a glowing golden altar of the Shining One.
  4391 | D:4      | Found a sparkling altar of Nemelex Xobeh.
  4437 | D:4      | Noticed a balrug
  4481 | D:5      | Entered Level 5 of the Dungeon
  4481 | D:5      | Noticed Prince Ribbit
  5381 | D:5      | Found an ancient bone altar of Kikubaaqudgha.
  5483 | D:5      | Killed Prince Ribbit
  5484 | D:5      | Reached skill level 7 in Fighting
  5484 | D:5      | Reached XP level 8. HP: 14/87 MP: 8/8
  5946 | D:5      | Reached skill level 5 in Dodging
  6136 | D:5      | Found a snail-covered altar of Cheibriados.
  6486 | D:5      | Found a blossoming altar of Fedhas.
  6627 | D:5      | Reached skill level 8 in Fighting
  7004 | D:6      | Found an iron altar of Okawaru.
  7009 | D:6      | Became a worshipper of Warmaster Okawaru
  7204 | D:6      | Reached XP level 9. HP: 93/97 MP: 9/9
  7672 | D:6      | Noticed Maggie
  7687 | D:6      | HP: 2/97 [Maggie/+2 long sword of protection (5)]
  7691 | D:6      | Killed Maggie
  7691 | D:6      | Reached * piety under Okawaru
  8300 | D:6      | Found a radiant altar of Vehumet.
  8356 | D:7      | Reached skill level 9 in Fighting
  8860 | D:7      | Identified a scroll of acquirement
  8860 | D:7      | Acquired 1129 gold pieces
  8906 | D:8      | Noticed a two-headed ogre
  8915 | D:8      | Killed a two-headed ogre
  8915 | D:8      | Reached ** piety under Okawaru
  8916 | D:8      | Reached XP level 10. HP: 55/110 MP: 7/10
  9166 | D:7      | Reached skill level 10 in Fighting
  9632 | D:8      | Noticed a boulder beetle
 10006 | D:8      | Killed a boulder beetle
 10411 | D:9      | Reached *** piety under Okawaru
 10435 | D:9      | Reached skill level 10 in Maces & Flails
 10446 | D:9      | Found a stormy altar of Qazlal.
 10539 | D:9      | Reached skill level 11 in Fighting
 10600 | D:9      | Reached **** piety under Okawaru
 10733 | D:9      | Reached XP level 11. HP: 120/120 MP: 11/11
 10927 | D:9      | HP: 1/120 [orc warrior/+0 trident (6)]
 10930 | D:9      | Mangled by an orc warrior

Illustrated notes

Levels and vault maps discovered:
D:1:      minmay_arrival_glassed_features, layout_loops_corners
D:2:      layout_rooms, basic_altar, serial_park_tiny_2, uniq_robin,
          uniq_sigmund
D:3:      layout_basic
D:4:      layout_cave_pools, gammafunk_temple_overflow_elements,
          makhleb_altar_promises_db, minmay_temple_entry_waves,
          minmay_snake_closets
D:5:      layout_cave_pods, mainiacjoe_overflow_cross_hatched,
          fedhas_altar_fruit_tree, amcnicky_altar_gilded,
          minmay_misc_feat_square, uniq_prince_ribbit1
D:6:      layout_loops_ring, kennysheep_mini, mainiacjoe_overflow_tiny_flanked,
          uniq_maggie
D:7:      layout_rooms
D:8:      layout_cave_pools, kennysheep_generic_room_8
D:9:      layout_roguey, mainiacjoe_overflow_concentric_impassable, david_orc_2,
          serial_curves, eino_curves_04, eino_curves_01, eino_curves_04,
          hangedman_weighted_door, kennysheep_generic_room_5
Temple:   nicolae_temple_bog_church

Skill      XL: |  1  2  3  4  5  6  7  8  9 10 |
---------------+-------------------------------+-----
Maces & Flails | 2 3 4 6 7 9 10 | 10.8
Dodging        | 3 4 5 6 8 |  8.1
Fighting       | 5 6 7 8 9 11 | 11.4
Shields        | |  3.0

Action                   |  1- 3 |  4- 6 |  7- 9 | 10-12 || total
-------------------------+-------+-------+-------+-------++-------
Melee: Flail             |   105 |   115 |   144 |       ||   364
       Giant club        |       |       |   149 |   145 ||   294
Invok: Heroism           |       |       |     1 |     4 ||     5
  Use: Scroll            |     1 |     7 |     9 |     2 ||    19
       Potion            |       |     2 |     8 |     3 ||    13
 Stab: Distracted        |       |       |     2 |       ||     2
Armor: Robe              |    30 |    41 |    77 |       ||   148
       Steam dragon scal |       |       |     4 |    27 ||    31
       Skin              |       |       |       |     6 ||     6
Dodge: Dodged            |    45 |    56 |   158 |    81 ||   340
Block: Kite shield       |    28 |    40 |    51 |       ||   119

Table legend: (Time is in decaauts)
 A = Elapsed time spent in this place.
 B = Non-inter-level travel time spent in this place.
 C = Inter-level travel time spent in this place.
 D = Time resting spent in this place.
 E = Time spent auto-exploring this place.
 F = Levels seen in this place.
 G = Mean time per level.
                   A        B        C        D        E       F      G
               +--------+--------+--------+--------+--------+-----+--------+
         Total |  11112 |  10738 |    374 |   2726 |   6300 |  10 | 1111.2 |
       Dungeon |  10895 |  10546 |    349 |   2726 |   6118 |   9 | 1210.6 |
        Temple |    216 |    191 |     25 |      0 |    182 |   1 |  216.0 |
               +--------+--------+--------+--------+--------+-----+--------+

Top non-repeatable levels by time:
     D:4: 1920 daAuts
     D:5: 1762 daAuts
     D:3: 1609 daAuts
     D:6: 1443 daAuts
     D:7: 1209 daAuts
     D:1: 902 daAuts
     D:8: 795 daAuts
     D:2: 661 daAuts
     D:9: 591 daAuts
  Temple: 216 daAuts
